 Dungeon Crawl Stone Soup version 0.27-a0-65-gfb268537a3 (webtiles) character file.

Game seed: 16617492804881851435

721173 TheFrigginByeByeMan the Executioner (level 27, -9/216 (230) HPs)
             Began as a Formicid Fighter on Jan 7, 2021.
             Was a High Priest of Cheibriados.
             Killed from afar by a shadow dragon (22 damage)
             ... with a bolt of negative energy
             ... on level 4 of the Realm of Zot on Jan 8, 2021.
             The game lasted 02:44:27 (74959 turns).

TheFrigginByeByeMan the Executioner (FoFi)         Turns: 74959, Time: 02:44:27

HP:   -9/216 (230)  AC: 42    Str: 41    XL:     27
MP:   0/33          EV: 23    Int: 21    God:    Cheibriados [*****.]
Gold: 6734          SH: 17    Dex: 25    Spells: 23/26 levels left

rFire    + . .     SeeInvis +   a - +9 executioner's axe (elec)
rCold    + + .     Faith    .   M - +0 kite shield {reflect}
rNeg     . . .     Spirit   +   w - +9 gold dragon scales
rPois    +         Reflect  +   (helmet unavailable)
rElec    .         Harm     .   y - +2 cloak {Will+}
rCorr    +         Rampage  .   t - +1 pair of gloves
Will     +++..                  s - +2 pair of boots {Fly}
Stlth    ..........             u - amulet of guardian spirit
HPRegen  0.46/turn              V - ring of protection from cold
MPRegen  0.23/turn              Y - ring of resist corrosion

@: flying, drained, very slow
A: permanent stasis, dig shafts and tunnels, four strong arms, antennae 3, thin
skeletal structure 1, agile 1, blurry vision 1, dopey 1, no potion heal 2
}: 5/15 runes: barnacled, slimy, silver, abyssal, gossamer
a: Dig, Shaft Self, Stop Flying, Renounce Religion, Bend Time, Temporal
Distortion, Slouch, Step From Time


You were on level 4 of the Realm of Zot.
You worshipped Cheibriados.
Cheibriados was extremely pleased with you.
You visited 12 branches of the dungeon, and saw 57 of its levels.
You visited the Abyss 1 time.
You also visited: Trove, Ice Cave, Wizlab and Desolation.

You collected 9617 gold pieces.
You spent 2883 gold pieces at shops.

Inventory:

Hand Weapons
 a - a +9 executioner's axe of electrocution (weapon)
 b - the +6 arbalest "Odauz" {elec, rN+ Dex+4}
   (You found it on level 4 of the Vaults)

   It charges the ammunition it shoots with electricity; occasionally upon a
   hit, such missiles may discharge and cause terrible harm.
   It affects your dexterity (+4).
   It protects you from negative energy.
Missiles
 S - 1447 bolts
Armour
 s - a +2 pair of boots of flying (worn)
 t - a +1 pair of gloves (worn)
 w - +9 gold dragon scales (worn)
 y - a +2 cloak of willpower (worn)
 M - a +0 kite shield of reflection (worn)
Jewellery
 c - the ring of the Dozen Nightmares {rPois Str+3}
   (You found it in the Desolation of Salt)

   [ring of poison resistance]

   It affects your strength (+3).
   It protects you from poison.
 q - the ring "Usom" {*Slow rN+++ Will+ MP+9}
   (You took it off a tengu reaver on level 5 of the Vaults)

   [ring of magical power]

   It renders you almost immune to negative energy.
   It affects your willpower, your defense against some magical effects.
   It affects your magic capacity (+9).
   It may slow you when you take damage.
 u - an amulet of guardian spirit (around neck)
 B - the ring "Jauf" {rPois rN+ SInv}
   (You found it on level 4 of the Shoals)

   [ring of poison resistance]

   It protects you from poison.
   It protects you from negative energy.
   It lets you see invisible.
 J - an uncursed ring of ice
 L - the ring of Pagueq {rN+ EV+4}
   (You found it in the Desolation of Salt)

   [ring of evasion]

   It affects your evasion (+4).
   It protects you from negative energy.
 N - the ring "Laef" {rN+ Will+ Stlth+}
   (You found it on level 3 of the Crypt)

   [ring of positive energy]

   It protects you from negative energy.
   It affects your willpower, your defense against some magical effects.
   It makes you more stealthy.
 Q - an uncursed ring of fire
 R - an uncursed ring of protection from fire
 V - a ring of protection from cold (left hand)
 Y - a ring of resist corrosion (right hand)
Wands
 g - a wand of digging (13)
 D - a wand of acid (52)
 G - a wand of flame (142)
 O - a wand of iceblast (96)
Scrolls
 d - 7 scrolls of enchant weapon
 e - 10 scrolls of immolation
 f - 9 scrolls of fear
 h - 7 scrolls of magic mapping
 p - 27 scrolls of remove curse
 r - 21 scrolls of amnesia
 x - a scroll of summoning
 I - 2 scrolls of silence
 T - 10 scrolls of fog
 U - 5 scrolls of brand weapon
 X - 9 scrolls of identify
Potions
 i - 4 potions of mutation
 j - 7 potions of brilliance
 l - 30 potions of curing
 m - 15 potions of flight
 v - 7 potions of heal wounds
 z - 3 potions of resistance
 C - 2 potions of cancellation
 E - 10 potions of ambrosia
 H - 9 potions of lignification
 K - 5 potions of might
 P - 6 potions of invisibility
Miscellaneous
 k - a lightning rod (4/4)
 n - a tin of tremorstones (inert)
 o - a condenser vane (inert)
 A - a phantom mirror (inert)
 F - a lightning rod (4/4)
 Z - a phial of floods


   Skills:
 + Level 21.7 Fighting
 - Level 26.0 Axes
 - Level 18.0 Crossbows
 + Level 20.5 Armour
 + Level 16.9 Dodging
 - Level 15.0 Shields
 - Level 9.3 Hexes
 - Level 7.1 Translocations
 - Level 13.9 Invocations
 * Level 17.4 Evocations


You had 23 spell levels left.
You knew the following spells:

 Your Spells              Type           Power        Failure   Level
a - Portal Projectile     Hex/Tloc       68%          10%         3

Your spell library contained the following spells:

 Spells                   Type           Power        Failure   Level
 Corona                   Hex            43%          1%          1
 Slow                     Hex            39%          3%          2
 Apportation              Tloc           60%          4%          1
 Confusing Touch          Hex            39%          6%          3
 Tukima's Dance           Hex            39%          6%          3
 Gell's Gravitas          Tloc           15%          16%         3
 Lesser Beckoning         Tloc           15%          16%         3
 Teleport Other           Tloc           30%          16%         3
 Cause Fear               Hex            19%          21%         4
 Ensorcelled Hibernation  Hex/Ice        38%          22%         2
 Dazzling Flash           Conj/Hex       38%          38%         3
 Inner Flame              Hex/Fire       19%          38%         3
 Summon Guardian Golem    Hex/Summ       19%          38%         3
 Passage of Golubria      Tloc           N/A          45%         4
 Beastly Appendage        Tmut           0%           67%         1
 Foxfire                  Conj/Fire      0%           67%         1
 Freeze                   Ice            0%           67%         1
 Magic Dart               Conj           0%           67%         1
 Pain                     Necr           0%           67%         1
 Sandblast                Erth           0%           67%         1
 Shock                    Conj/Air       0%           67%         1
 Sting                    Tmut/Pois      0%           67%         1
 Summon Small Mammal      Summ           0%           67%         1
 Fulminant Prism          Conj/Hex       9%           80%         4
 Leda's Liquefaction      Hex/Erth       9%           80%         4
 Call Imp                 Summ           0%           82%         2
 Passwall                 Tmut/Erth      0%           82%         2
 Poisonous Vapours        Pois/Air       0%           82%         2
 Searing Ray              Conj           0%           82%         2
 Sublimation of Blood     Necr           0%           82%         2
 Wereblood                Tmut           0%           82%         2
 Iskenderun's Mystic Bla  Conj/Tloc      15%          91%         4
 Call Canine Familiar     Summ           0%           96%         3
 Conjure Flame            Conj/Fire      0%           96%         3
 Frozen Ramparts          Ice            0%           96%         3
 Ignite Poison            Fire/Tmut/Pois 0%           96%         3
 Mephitic Cloud           Conj/Pois/Air  0%           96%         3
 Ozocubu's Armour         Ice            0%           96%         3
 Spider Form              Tmut/Pois      0%           96%         3
 Static Discharge         Conj/Air       0%           96%         3
 Stone Arrow              Conj/Erth      0%           96%         3
 Invisibility             Hex            39%          97%         6
 Metabolic Englaciation   Hex/Ice        9%           98%         5
 Silence                  Hex/Air        9%           98%         5
 Yara's Violent Unravell  Hex/Tmut       9%           98%         5
 Airstrike                Air            0%           100%        4
 Animate Dead             Necr           0%           100%        4
 Dispel Undead            Necr           0%           100%        4
 Hailstorm                Conj/Ice       0%           100%        4
 Ice Form                 Ice/Tmut       0%           100%        4
 Olgreb's Toxic Radiance  Pois           0%           100%        4
 Petrify                  Tmut/Erth      0%           100%        4
 Sticky Flame             Conj/Fire      0%           100%        4
 Summon Ice Beast         Ice/Summ       0%           100%        4
 Summon Lightning Spire   Summ/Air       0%           100%        4
 Agony                    Necr           0%           100%        5
 Alistair's Intoxication  Tmut/Pois      0%           100%        5
 Blade Hands              Tmut           0%           100%        5
 Bolt of Magma            Conj/Fire/Erth 0%           100%        5
 Borgnjor's Vile Clutch   Necr/Erth      0%           100%        5
 Excruciating Wounds      Necr           0%           100%        5
 Irradiate                Conj/Tmut      0%           100%        5
 Iskenderun's Battlesphe  Conj           0%           100%        5
 Lee's Rapid Deconstruct  Erth           0%           100%        5
 Lightning Bolt           Conj/Air       0%           100%        5
 Conjure Ball Lightning   Conj/Air       0%           100%        6
 Dispersal                Tloc           15%          100%        6
 Eringya's Noxious Bog    Tmut/Pois      0%           100%        6
 Freezing Cloud           Conj/Ice/Air   0%           100%        6
 Iron Shot                Conj/Erth      0%           100%        6
 Ozocubu's Refrigeration  Ice            0%           100%        6
 Shadow Creatures         Summ           N/A          100%        6
 Simulacrum               Ice/Necr       0%           100%        6
 Statue Form              Tmut/Erth      0%           100%        6
 Dragon Form              Tmut           0%           100%        7
 Haunt                    Necr/Summ      0%           100%        7
 Malign Gateway           Summ/Tloc      7%           100%        7
 Monstrous Menagerie      Summ           0%           100%        7
 Orb of Destruction       Conj           0%           100%        7
 Spellforged Servitor     Conj/Summ      0%           100%        7
 Summon Greater Demon     Summ           0%           100%        7
 Borgnjor's Revivificati  Necr           0%           100%        8
 Chain Lightning          Conj/Air       0%           100%        8
 Discord                  Hex            19%          100%        8
 Disjunction              Tloc           15%          100%        8
 Infestation              Necr           0%           100%        8
 Lehudib's Crystal Spear  Conj/Erth      0%           100%        8
 Necromutation            Tmut/Necr      0%           100%        8
 Summon Horrible Things   Summ           0%           100%        8
 Absolute Zero            Ice            0%           100%        9
 Death's Door             Necr           0%           100%        9
 Dragon's Call            Summ           0%           100%        9
 Fire Storm               Conj/Fire      0%           100%        9
 Shatter                  Erth           0%           100%        9
 Blink                    Tloc           Unusable     N/A         2
 Swiftness                Air            Unusable     N/A         2

Dungeon Overview and Level Annotations

Branches:
Dungeon (15/15)            Temple (0/1) D:4            Lair (6/6) D:11
 Shoals (4/4) Lair:3       Spider (4/4) Lair:2        Slime (5/5) Lair:6
    Orc (2/2) D:9             Elf (3/3) Orc:2        Vaults (5/5) D:14
  Crypt (3/3) Vaults:3       Tomb (0/3) Crypt:3      Depths (5/5) D:15
   Hell (visited)             Dis (0/7) Hell            Geh (0/7) Hell
    Coc (0/7) Hell            Tar (0/7) Hell            Zot (4/5) Depths:5
  IceCv (visited)          WizLab (visited)         Desolation (visited)

Altars:
Ashenzari
Cheibriados
Dithmenos
Fedhas
Gozag
Kikubaaqudgha
Makhleb
Okawaru
Qazlal
Ru
Sif Muna
Trog
Vehumet
Wu Jian
Xom
Yredelemnul
The Shining One
Lugonu

Shops:
D:6 *   D:8 *[[   D:12 ?**?}   Orc:2 [[[*(   Shoals:2 (   Vaults:2 (
Vaults:3 [   Vaults:4 =   Depths:1 ?*}?*   Depths:4 :   Depths:5 ?

Portals:
Hell: Depths:1 Depths:2 Depths:3 Depths:4 Depths:5
Abyss: Depths:2 Depths:4 Depths:5
Pandemonium: Depths:1 Depths:3 Depths:5
Ziggurat: Depths:2

Annotations:
D:9 exclusion: door
D:12 exclusion: oklob plant
D:14 Roxanne
Shoals:2 1 runed translucent door, Mecluitz's ghost, journeyman DDFi
Shoals:4 exclusion: oklob plant
Spider:2 3 runed translucent doors, Ikly's ghost, journeyman GrFi
Depths:2 2 runed translucent doors


Innate Abilities, Weirdness & Mutations

You cannot be hasted, slowed, berserked, paralysed or teleported.
You can dig through walls and to a lower floor.
Your four strong arms can wield two-handed weapons with a shield.
You have a pair of large antennae on your head. (SInv)
You have a somewhat thin skeletal structure. (Dex +2, Stealth)
You are agile. (Dex +2)
Scrolls take you a little longer to read.
You are dopey. (Int -2)
Potions are poor at restoring your health.


Message History

You block the black draconian stormcaller's attack.
Unknown command.
Okay, then.
Evoke which item? (* to show all) (? for menu, Esc to quit)
Clouds of thunder condense around you!
The condenser dries out!
The red draconian hits you from afar with a +0 glaive!
* * * LOW HITPOINT WARNING * * *
You block the white draconian's attack. You block the black draconian's attack.
You block the shadow dragon's attack. x2; The shadow dragon claws you.
* * * LOW HITPOINT WARNING * * *
The black draconian stormcaller barely misses you.
The white draconian misses you.
The red draconian is struck by lightning.
You kill the red draconian!
Cheibriados thoroughly appreciates the change of pace.
You block the black draconian's attack.
The shadow dragon is struck by lightning.
The shadow dragon breathes negative energy at you.
The bolt of negative energy hits you!!
You feel drained.
You die...

/..!.... .......
#....#
########....#####
#................
#........).......
#..§§§.).÷.....>.
#..§q§.##########
####..§D[@##
#....§§§§§.# {
#....§§dd§.# {
#....§§§§§.#
####......##
#......# #......#
#......#
#.......#


You could see a shadow dragon (catching breath), a black draconian, a white
draconian and a black draconian stormcaller.

Vanquished Creatures
  the Royal Jelly (Slime:5)
  2 orbs of fire
  Khufu (Crypt:2)
  2 ancient liches
  3 royal mummies (Crypt:2)
  The ghost of Mycling the Warrior, a veteran DsFi of Okawaru (Vaults:4)
  Sojobo (Depths:1)
  Bai Suzhen (Vaults:5)
  2 curse toes (Zot:3)
  Saint Roka (Depths:5)
  Geryon (Hell)
  Nikola (Depths:1)
  2 golden dragons
  A bone dragon (Abyss:3)
  Arachne (Spider:4)
  Jorgrun (Shoals:1)
  2 electric golems
  13 tentacled monstrosities
  7 liches
  Rupert (Orc:2)
  5 titans
  22 acid blobs
  5 quicksilver dragons
  6 death cobs
  Asterion (Depths:1)
  3 deep elf master archers (Elf:3)
  3 krakens
  Frances (Spider:1)
  3 ancient champions (Crypt:2)
  3 sphinxes
  The ghost of popps the Warrior, an adept GrFi of Okawaru (Shoals:3)
  3 tentacled starspawn (Abyss:3)
  8 tengu reavers
  13 storm dragons
  8 shadow dragons
  Ilsuiw (Shoals:2)
  6 draconian monks
  13 deep elf sorcerers
  12 azure jellies
  3 revenants
  10 fire giants
  An iron dragon (Vaults:5)
  Donald (Vaults:2)
  15 frost giants
  Louise (Shoals:3)
  13 vault wardens
  4 draconian knights
  5 ghost moths
  2 draconian shifters
  6 emperor scorpions
  6 ghouls
  2 draconian scorchers
  5 curse skulls
  2 draconian stormcallers
  22 very ugly things
  Aizul (Spider:3)
  8 deep elf elementalists
  2 balrugs
  23 stone giants
  5 reapers (Hell)
  2 draconian annihilators (Depths:5)
  2 spriggan defenders (Depths:3)
  14 ironheart preservers
  4 war gargoyles
  8 vampire knights
  4 deep elf demonologists
  A juggernaut skeleton (Crypt:2)
  8 yellow draconians
  8 deep elf annihilators
  9 entropy weavers
  9 black draconians
  12 green draconians
  2 halazid warlocks (Desolation)
  2 lorocyprocas (Hell)
  14 spark wasps
  A dire elephant (Lair:2)
  8 purple draconians
  7 red draconians
  12 white draconians
  A small abomination (Vaults:5)
  A blizzard demon (Hell)
  5 eidola (Crypt:3)
  9 fire dragons
  15 ettins
  A merfolk javelineer (Shoals:4)
  12 merfolk impalers
  A quicksilver dragon zombie (Crypt:2)
  5 deep elf death magi
  Snorg (Lair:4)
  4 crystal guardians (Desolation)
  6 jiangshi (Crypt:2)
  7 death oozes
  7 great orbs of eyes
  16 yaktaur captains
  6 deep elf high priests
  11 ragged hierophants
  5 rakshasas
  A monstrous demonspawn (Depths:5)
  6 hydras
  2 spriggan air magi (Depths:2)
  28 vault guards
  8 peacekeepers (Desolation)
  A quicksilver dragon skeleton (Depths:3)
  12 servants of whispers (Desolation)
  7 boulder beetles
  19 ice dragons
  A catoblepas (shapeshifter) (Depths:5)
  8 centaur warriors
  7 merfolk aquamancers
  2 death knights
  2 merfolk avatars
  4 catoblepae
  A spectral frost giant (Crypt:3)
  3 alligator snapping turtles
  5 satyrs
  19 ogre magi
  69 two-headed ogres
  9 death yaks
  13 deep troll shamans
  5 vampire magi
  8 tengu warriors
  14 deep troll earth magi
  3 titan zombies
  22 dancing weapons
  6 orc high priests
  6 soul eaters
  18 deep elf knights
  A spectral storm dragon (Crypt:3)
  2 spriggan berserkers
  10 sun demons
  4 iron trolls
  A sixfirhy (Depths:1)
  6 hell knights
  A thrashing horror (Abyss:1)
  An iron golem (Hell)
  A titan skeleton (Depths:3)
  3 wretched stars
  A spectral emperor scorpion (Crypt:3)
  A storm dragon skeleton (Depths:3)
  18 skeletal warriors
  15 shadow wraiths
  57 deep trolls
  A death drake (shapeshifter) (Depths:3)
  A shadow demon (Abyss:1)
  A spatial maelstrom (Abyss:3)
  4 flayed ghosts
  A gelid demonspawn (Depths:5)
  3 bog bodies
  2 unseen horrors
  2 glowing orange brains
  A golden dragon zombie (Depths:3)
  10 ironbrand convokers
  2 death drakes (Depths:5)
  16 sea snakes
  16 deep elf archers
  2 anaconda zombies
  21 orc knights
  5 lindwurms (Depths:5)
  A golden dragon skeleton (Crypt:2)
  30 harpies
  8 necromancers
  6 wizards
  20 orb spiders
  A sphinx skeleton (Vaults:4)
  A frost giant zombie (Hell)
  22 phantasmal warriors
  A wolf spider (shapeshifter) (Vaults:4)
  An oklob plant (D:11)
  A salamander (D:15)
  24 fauns
  45 ugly things
  39 wolf spiders
  12 cyclopes
  17 manticores
  3 orc sorcerers
  71 deep elf magi
  3 tengu skeletons
  23 moths of wrath
  A spectral alligator (Crypt:3)
  A worldbinder (Abyss:3)
  6 shining eyes
  18 elephants (Lair:2)
  A manticore (shapeshifter) (Vaults:1)
  3 fire giant skeletons
  4 guardian serpents (Desolation)
  4 black mambas
  5 rust devils
  An eye of devastation (Slime:5)
  14 merfolk sirens
  A smoke demon (Abyss:1)
  2 ice statues (IceCv)
  2 gargoyles (D:15)
  A torpor snail (Spider:1)
  2 titan simulacra
  6 water nymphs
  7 molten gargoyles
  A spectral elf (Vaults:4)
  9 vault sentinels
  9 cane toads
  A dire elephant skeleton (Crypt:1)
  3 centaur skeletons
  A black draconian zombie (Crypt:1)
  6 komodo dragons
  A hellion (Depths:1)
  An efreet (D:14)
  2 komodo dragons (shapeshifter)
  A rime drake (Lair:2)
  35 yaktaurs
  3 kobold demonologists
  A tormentor (Depths:5)
  8 ice devils
  19 demonic crawlers
  A guardian mummy (Crypt:3)
  3 tengu conjurers
  17 freezing wraiths
  An anaconda simulacrum (Hell)
  6 trolls
  2 hellwings
  2 queen bees (shapeshifter)
  2 shadow dragon simulacra
  3 meliai (D:14)
  34 jumping spiders
  4 polar bears
  A troll (shapeshifter) (Depths:3)
  37 merfolk
  10 wind drakes
  2 red devils
  75 saltlings
  Grinder (D:3)
  3 raiju
  A slime creature (shapeshifter) (Depths:3)
  13 blink frogs
  A blink frog (shapeshifter) (Vaults:5)
  8 hornets
  3 hydra skeletons (Hell)
  A fire giant simulacrum (Vaults:1)
  A meliai zombie (D:11)
  52 slime creatures
  5 dream sheep
  2 dream sheep (shapeshifter)
  3 large abominations
  A raiju (shapeshifter) (Vaults:1)
  A frost giant simulacrum (Vaults:4)
  3 human simulacra (Vaults:4)
  A stone giant simulacrum (Crypt:1)
  12 snapping turtles
  14 starcursed masses (Abyss:3)
  69 redbacks
  73 yaks
  Sigmund (D:2)
  9 flying skulls (Crypt:3)
  A dire elephant simulacrum (Crypt:1)
  A tarantella (shapeshifter) (Vaults:5)
  A spectral black mamba (Crypt:3)
  9 shadows
  8 wraiths
  2 ettin skeletons
  A ynoxinul (Abyss:3)
  37 tarantellas
  2 vampires
  A yak (shapeshifter) (D:15)
  2 spriggans
  3 air elementals
  18 water elementals
  2 wyverns
  11 fire elementals
  10 golden eyes
  An ice dragon skeleton (Abyss:1)
  2 basilisks (Lair:4)
  A neqoxec (Abyss:3)
  A steam dragon (D:14)
  12 humans
  2 fire bats (Depths:1)
  A yaktaur simulacrum (Vaults:2)
  Menkaure (D:4)
  8 wargs
  A soldier ant (shapeshifter) (Depths:3)
  4 human zombies
  A soldier ant (D:12)
  A water moccasin (shapeshifter) (Vaults:3)
  2 acid dragons
  A two-headed ogre skeleton (Crypt:1)
  2 floating eyes
  14 water moccasins
  A hell hound (Depths:1)
  A hydra simulacrum (Hell)
  56 orc warriors
  A hornet zombie (D:7)
  2 swamp drakes (Depths:5)
  4 sky beasts
  A black bear (Lair:1)
  A fire dragon simulacrum (Crypt:1)
  A snapping turtle zombie (Crypt:3)
  An alligator simulacrum (Hell)
  5 boggarts
  A cane toad skeleton (Hell)
  An eye of draining (shapeshifter) (D:14)
  4 phantoms
  6 ice beasts
  3 necrophages (Crypt:2)
  A blink frog zombie (Crypt:3)
  An elf zombie (Vaults:4)
  3 eyes of draining
  45 ogres
  A boggart (shapeshifter) (Vaults:5)
  36 wolves
  15 centaurs
  An orc skeleton (Vaults:1)
  A yaktaur zombie (Vaults:1)
  An elf simulacrum (Vaults:4)
  10 big kobolds
  A human skeleton (Vaults:2)
  21 bullfrogs
  A wyvern zombie (D:9)
  An earth elemental (Elf:2)
  A cyclops zombie (Crypt:2)
  2 cane toad simulacra (Hell)
  An elf skeleton (Crypt:1)
  2 wyvern skeletons
  A scorpion (shapeshifter) (Depths:1)
  4 scorpions
  A water moccasin skeleton (Crypt:3)
  A raiju zombie (Crypt:1)
  A warg skeleton (Crypt:3)
  9 killer bees
  9 wights (D:12)
  A troll skeleton (Crypt:3)
  2 yak skeletons (Crypt:2)
  3 howler monkeys (D:10)
  2 electric eels
  2 crimson imps (Hell)
  5 centaur zombies
  2 bullfrog zombies
  3 draconian simulacra (IceCv)
  A quasit (D:7)
  33 orc priests
  8 hounds
  13 jellies
  Crazy Yiuf (D:4)
  A gnoll shaman (D:5)
  5 iron imps
  A bullfrog skeleton (D:5)
  Ijyb (D:3)
  Terence (D:3)
  2 iguanas
  20 orc wizards
  11 worker ants
  A troll simulacrum (IceCv)
  3 killer bee zombies
  2 centaur simulacra
  12 mummies (Crypt:3)
  9 gnolls
  3 naga simulacra (IceCv)
  15 adders
  2 ogre simulacra (IceCv)
  5 shadow imps
  6 white imps
  A swamp drake skeleton (Crypt:2)
  6 ufetubi
  5 oozes
  2 adder zombies
  An adder skeleton (D:4)
  4 worms
  A barachi zombie (Crypt:3)
  2 dart slugs
  4 leopard geckos
  113 orcs
  6 giant cockroaches
  6 goblins
  4 hobgoblins
  12 jackals
  5 quokkas
  3 ball pythons
  A ball python zombie (Crypt:3)
  4 bats
  A dart slug zombie (Crypt:3)
  3 frilled lizards
  A jackal skeleton (D:4)
  49 kobolds
  10 kobold skeletons (D:12)
  8 kobold zombies (D:12)
  A quokka skeleton (D:7)
  A quokka zombie (D:6)
  5 rats
  A bush (Shoals:3)
  3 crawling corpses (Vaults:5)
  4 starspawn tentacles (Abyss:3)
  7 tentacles
2919 creatures vanquished.

Vanquished Creatures (others)
  2 fire giants
  A draconian annihilator (Zot:1)
  2 spark wasps (Depths:3)
  A deep elf death mage (Elf:3)
  A spectral shadow dragon (Vaults:4)
  A deep troll shaman (Depths:3)
  A deep troll (Depths:1)
  A deep elf mage (Elf:1)
  A manticore (Shoals:1)
  A frost giant skeleton (Hell)
  A saltling (Desolation)
  A human (D:14)
  3 ogres
  2 boggarts
  3 bushes (Lair:2)
  128 fungi
  166 plants
  4 starspawn tentacles (Abyss:3)
  12 tentacles
  9 toadstools (D:12)
341 creatures vanquished.

Grand Total: 3260 creatures vanquished

Notes
Turn   | Place    | Note
-------+----------+-------------------------------------------
     0 | D:1      | TheFrigginByeByeMan the Formicid Fighter began the quest
                  | for the Orb.
     0 | D:1      | Reached XP level 1. HP: 18/18 MP: 1/1
   543 | D:1      | Reached XP level 2. HP: 24/24 MP: 2/2
  1197 | D:2      | Reached XP level 3. HP: 29/29 MP: 3/3
  1243 | D:2      | Noticed Sigmund
  1251 | D:2      | Killed Sigmund
  1252 | D:2      | Reached skill level 4 in Axes
  1252 | D:2      | Reached XP level 4. HP: 18/35 MP: 4/4
  1252 | D:2      | Reached XP level 5. HP: 21/41 MP: 5/5
  1460 | D:2      | Found a stormy altar of Qazlal.
  1563 | D:2      | Reached XP level 6. HP: 47/47 MP: 6/6
  1788 | D:3      | Noticed Terence
  1800 | D:3      | Killed Terence
  1801 | D:3      | Reached skill level 5 in Shields
  2078 | D:3      | Found a snail-covered altar of Cheibriados.
  2083 | D:3      | Noticed Grinder
  2118 | D:3      | Killed Grinder
  2119 | D:3      | Reached skill level 5 in Axes
  2119 | D:3      | Reached XP level 7. HP: 38/52 MP: 7/7
  2203 | D:3      | Became a worshipper of Cheibriados the Contemplative
  2382 | D:3      | Found a shadowy altar of Dithmenos.
  2411 | D:3      | Found a shimmering blue altar of Sif Muna.
  2411 | D:3      | Found an ancient bone altar of Kikubaaqudgha.
  2413 | D:3      | Found a radiant altar of Vehumet.
  2415 | D:3      | Identified Kikubaaqudgha's Papyrus of Dark Secrets
  2445 | D:3      | Noticed Ijyb
  2453 | D:3      | HP: 2/52 [acid (7)]
  2454 | D:3      | Killed Ijyb
  2989 | D:4      | Found a staircase to the Ecumenical Temple.
  3046 | D:4      | Found a radiant altar of Vehumet.
  3203 | D:4      | Found a runed translucent door.
  3204 | D:4      | Noticed Crazy Yiuf
  3254 | D:4      | Found an iron altar of Okawaru.
  3265 | D:4      | Reached * piety under Cheibriados
  3332 | D:4      | Noticed Menkaure
  3342 | D:4      | Killed Menkaure
  3343 | D:4      | Reached skill level 6 in Axes
  3343 | D:4      | Reached XP level 8. HP: 22/58 MP: 8/8
  3716 | D:4      | Found a basalt altar of Yredelemnul.
  3725 | D:4      | Found a glowing golden altar of the Shining One.
  3789 | D:4      | Noticed an angel
  3880 | D:4      | Killed Crazy Yiuf
  4000 | D:5      | Entered Level 5 of the Dungeon
  4270 | D:5      | Reached ** piety under Cheibriados
  4409 | D:5      | Reached skill level 7 in Axes
  4482 | D:5      | Found a bloodstained altar of Trog.
  4666 | D:5      | Found a burning altar of Makhleb.
  4666 | D:5      | Found an ornate altar of the Wu Jian Council.
  4775 | D:5      | Found a blossoming altar of Fedhas.
  5100 | D:6      | Found a broken altar of Ashenzari.
  5138 | D:6      | Found Plog's General Store.
  5221 | D:6      | Reached XP level 9. HP: 55/66 MP: 9/9
  5335 | D:6      | Reached skill level 5 in Fighting
  5335 | D:6      | Reached skill level 8 in Axes
  5414 | D:6      | Reached *** piety under Cheibriados
  5998 | D:7      | Reached skill level 9 in Axes
  6236 | D:7      | Reached **** piety under Cheibriados
  6854 | D:8      | Found Ewuest's General Store.
  6886 | D:8      | Reached XP level 10. HP: 74/74 MP: 10/10
  6904 | D:8      | Reached skill level 5 in Armour
  7122 | D:8      | Found Bopreegg's Gadget Shop.
  7309 | D:8      | Reached skill level 10 in Axes
  7375 | D:8      | Reached ***** piety under Cheibriados
  7388 | D:8      | Reached skill level 11 in Axes
  7638 | D:8      | Found Natugg's Antique Armour Shop.
  7641 | D:8      | Bought a runed scarf for 176 gold pieces
  7641 | D:8      | Bought an ichor-stained chain mail for 209 gold pieces
  7651 | D:8      | Identified the cursed +0 chain mail of Springtime {rC+}
                  | (You bought it in a shop on level 8 of the Dungeon)
  7679 | D:8      | Found Fezuep's Armour Boutique.
  7680 | D:8      | Found a shimmering altar of Xom.
  7680 | D:8      | Found a shimmering altar of Xom.
  7680 | D:8      | Found a shimmering altar of Xom.
  7680 | D:8      | Found a shimmering altar of Xom.
  7680 | D:8      | Found a shimmering altar of Xom.
  7680 | D:8      | Found a shimmering altar of Xom.
  7682 | D:8      | Found a shimmering altar of Xom.
  7813 | D:8      | Got a smoking leather armour
  7825 | D:8      | Identified the +0 leather armour of the Present {+Fly rC-
                  | rN+ Stlth+} (You found it on level 8 of the Dungeon)
  7912 | D:9      | Noticed a two-headed ogre
  7932 | D:9      | Killed a two-headed ogre
  7933 | D:9      | Reached XP level 11. HP: 75/81 MP: 11/11
  8096 | D:9      | Found a staircase to the Orcish Mines.
  8233 | D:9      | Reached skill level 12 in Axes
  8238 | D:9      | Noticed a two-headed ogre
  8520 | D:9      | Killed a two-headed ogre
  8521 | D:9      | Reached skill level 5 in Dodging
  8890 | D:9      | Found a shimmering blue altar of Sif Muna.
  8934 | D:10     | Entered Level 10 of the Dungeon
  8947 | D:10     | Noticed a two-headed ogre
  8961 | D:10     | Killed a two-headed ogre
  9337 | D:10     | Reached ****** piety under Cheibriados
  9808 | D:10     | Noticed a two-headed ogre
  9820 | D:10     | Killed a two-headed ogre
  9821 | D:10     | Reached XP level 12. HP: 48/92 MP: 12/12
 10148 | D:11     | Reached skill level 13 in Axes
 10477 | D:11     | Found a sacrificial altar of Ru.
 10495 | D:11     | Noticed a two-headed ogre
 10499 | D:11     | Killed a two-headed ogre
 10790 | D:11     | Reached skill level 1 in Invocations
 10969 | D:11     | Found a staircase to the Lair.
 11339 | Lair:1   | Entered Level 1 of the Lair of Beasts
 11525 | Lair:1   | Reached skill level 14 in Axes
 12588 | Lair:2   | Got a scorched ring mail
 12599 | Lair:2   | Identified the +3 ring mail of Rabes {rPois rF- Dex+4} (You
                  | found it on level 2 of the Lair of Beasts)
 12659 | Lair:2   | Reached skill level 5 in Invocations
 12965 | Lair:2   | Reached XP level 13. HP: 75/98 MP: 13/17
 13184 | Lair:2   | Reached skill level 15 in Axes
 13596 | Lair:2   | Found a hole to the Spider Nest.
 13635 | Lair:2   | Noticed a dire elephant
 13646 | Lair:2   | Killed a dire elephant
 14574 | Lair:2   | Reached skill level 16 in Axes
 14912 | Lair:3   | Noticed a six-headed hydra
 14927 | Lair:3   | Killed a six-headed hydra
 15121 | Lair:3   | Reached skill level 10 in Invocations
 15180 | Lair:3   | Noticed a five-headed hydra
 15200 | Lair:3   | Killed a six-headed hydra
 15654 | Lair:3   | Found a staircase to the Shoals.
 15712 | Lair:3   | Reached XP level 14. HP: 105/105 MP: 20/22
 16005 | Lair:4   | Found a frozen archway.
 16058 | IceCv    | Entered an ice cave
 16530 | IceCv    | Got an encrusted quarterstaff
 16535 | IceCv    | Identified the cursed +3 quarterstaff "Senad" {spect,
                  | +Blink rN+ Will- Int+5} (You found it in an ice cave)
 17454 | Lair:4   | Noticed Snorg
 17467 | Lair:4   | Killed Snorg
 19128 | Lair:6   | Entered Level 6 of the Lair of Beasts
 19651 | Lair:6   | Found a staircase to the Slime Pits.
 20013 | Lair:6   | Reached XP level 15. HP: 115/115 MP: 25/25
 20043 | Lair:6   | Reached skill level 10 in Fighting
 21197 | D:8      | Bought a polished plate armour for 616 gold pieces
 21207 | D:8      | Identified the +4 plate armour of the Hanged Man {Regen+
                  | Int-3 Dex+6} (You bought it in a shop on level 8 of the
                  | Dungeon)
 21264 | Orc:1    | Entered Level 1 of the Orcish Mines
 21417 | Orc:2    | Entered Level 2 of the Orcish Mines
 21427 | Orc:2    | Noticed Rupert
 21438 | Orc:2    | Killed Rupert
 22567 | Orc:2    | Found Hehuimy's Antique Armour Emporium.
 22570 | Orc:2    | Found Esoqirphetual's General Store.
 22571 | Orc:2    | Found Pez Jas's Armour Emporium.
 22572 | Orc:2    | Found Omaocruczo's Antique Armour Shoppe.
 22579 | Orc:2    | Bought a pair of fine boots for 275 gold pieces
 22589 | Orc:2    | Identified the cursed -3 pair of boots of Insatiable Hunger
                  | {Regen+} (You bought it in a shop on level 2 of the Orcish
                  | Mines)
 22604 | Orc:2    | Bought a fading cloak for 294 gold pieces
 22617 | Orc:2    | Identified the cursed +0 cloak of Ykyh {rPois Int+5} (You
                  | bought it in a shop on level 2 of the Orcish Mines)
 22704 | Orc:2    | Found a staircase to the Elven Halls.
 22709 | Orc:2    | Found Gacuodoe's Antique Weapon Shoppe.
 23260 | D:12     | Found Baty's Magic Scroll Shoppe.
 23313 | D:12     | Found a blossoming altar of Fedhas.
 23527 | D:12     | Found Qeneurur's General Store.
 23540 | D:12     | Reached XP level 16. HP: 116/125 MP: 22/26
 23562 | D:12     | Bought a potion of heal wounds for 70 gold pieces
 23613 | D:12     | Found Qeuhimp's Assorted Antiques.
 23619 | D:12     | Bought a potion of heal wounds for 135 gold pieces
 23644 | D:12     | Found Boac's Magic Scroll Boutique.
 23738 | D:12     | Found an ancient bone altar of Kikubaaqudgha.
 23859 | D:12     | Found Foejut's Gadget Shoppe.
 24200 | D:13     | Reached skill level 10 in Armour
 24429 | D:13     | Reached skill level 17 in Axes
 24663 | D:14     | Noticed Roxanne
 24674 | D:14     | You fall into a shaft and drop 1 floor!
 24674 | D:15     | Entered Level 15 of the Dungeon
 24971 | D:15     | Reached skill level 10 in Dodging
 24986 | D:15     | Identified the +6 whip "Eridepuenu" {vorpal, +Blink rPois
                  | Int-2 Dex+6}
 25195 | D:15     | Reached XP level 17. HP: 129/131 MP: 25/27
 25206 | D:15     | Reached skill level 18 in Axes
 25821 | D:14     | Found an opulent altar of Gozag.
 26122 | D:14     | Found a gate to the Vaults.
 26459 | D:12     | Bought a scroll of acquirement for 728 gold pieces
 26459 | D:12     | Acquired the +3 executioner's axe "Futasar" {vorpal, Str+2}
 26527 | D:15     | Found a staircase to the Depths.
 26794 | Spider:1 | Entered Level 1 of the Spider Nest
 27012 | Spider:1 | Reached skill level 1 in Evocations
 27068 | Spider:1 | Got an ancient brass ring
 27098 | Spider:1 | Identified the ring "Poaqiss" {+Fly Dex+2} (You found it on
                  | level 1 of the Spider Nest)
 27440 | Spider:1 | Got a faintly glowing hunting sling
 27441 | Spider:1 | Identified the +8 hunting sling of Prudence {freeze, rF++
                  | rC+ Str+4} (You found it on level 1 of the Spider Nest)
 28978 | Spider:2 | Found a runed translucent gate.
 28978 | Spider:2 | Noticed Frances
 28997 | Spider:1 | Killed Frances
 29168 | Spider:2 | Reached skill level 5 in Evocations
 29180 | Spider:2 | Found a runed translucent gate.
 29181 | Spider:2 | Noticed Ikly's ghost (journeyman GrFi)
 29265 | Spider:2 | Found a runed translucent gate.
 29288 | Spider:2 | Reached XP level 18. HP: 139/140 MP: 28/28
 29290 | Spider:2 | Gained mutation: You are agile. (Dex +2) [mutagenic glow]
 29418 | Spider:2 | You fall into a shaft and drop 1 floor!
 29504 | Spider:3 | Reached skill level 19 in Axes
 29810 | Spider:2 | Identified the Incunabulum of Toxins and Transformation
 30070 | Spider:3 | Noticed Aizul
 30088 | Spider:3 | Killed Aizul
 30763 | Spider:4 | Entered Level 4 of the Spider Nest
 31244 | Spider:4 | Noticed Arachne
 31267 | Spider:4 | Killed Arachne
 31277 | Spider:4 | Reached XP level 19. HP: 62/149 MP: 0/29
 32002 | Spider:4 | Got a gossamer rune of Zot
 32361 | Shoals:1 | Entered Level 1 of the Shoals
 32399 | Shoals:1 | Reached skill level 20 in Axes
 32785 | Shoals:1 | Noticed Jorgrun
 32804 | Shoals:1 | Killed Jorgrun
 33248 | Shoals:2 | Found a runed translucent door.
 33249 | Shoals:2 | Found a shimmering altar of Xom.
 33249 | Shoals:2 | Noticed Mecluitz's ghost (journeyman DDFi)
 33250 | Shoals:2 | Noticed Ilsuiw
 33286 | Shoals:2 | Killed Ilsuiw
 34128 | Shoals:2 | Found Kyodwu Bucs's Antique Weapon Emporium.
 34345 | Shoals:3 | Reached XP level 20. HP: 63/159 MP: 27/30
 34584 | Shoals:3 | Found a runed translucent door.
 34584 | Shoals:3 | Found a shimmering altar of Xom.
 34584 | Shoals:3 | Noticed popps's ghost (adept GrFi)
 34588 | Shoals:3 | Noticed Louise
 34625 | Shoals:3 | Killed Louise
 35022 | Shoals:3 | Reached skill level 21 in Axes
 35459 | Shoals:4 | Entered Level 4 of the Shoals
 36175 | Shoals:4 | Identified the cursed +1 dire flail "Ushrynedo" {flame,
                  | *Drain rC+ Str+3 Stlth+}
 36419 | Shoals:4 | Reached skill level 10 in Shields
 36633 | Shoals:4 | Identified the ring "Jauf" {rPois rN+ SInv} (You found it
                  | on level 4 of the Shoals)
 36836 | Shoals:4 | Got a barnacled rune of Zot
 37130 | Shoals:4 | Identified the +3 storm dragon scales of Delightful
                  | Surprise {Rampage rElec rF- rC++} (You found it on level 4
                  | of the Shoals)
 37261 | Lair:4   | Identified the +9 hunting sling of the Demagogue {flame,
                  | Dex+4} (You found it on level 4 of the Lair of Beasts)
 37324 | Lair:6   | Identified the cursed +0 pair of boots of the Devil's
                  | Advocate {+Blink Int+6} (You found it on level 6 of the
                  | Lair of Beasts)
 37456 | Shoals:3 | Killed popps's ghost
 37458 | Shoals:3 | Identified Jutho's Disquisition on the Toxic Rocks
 37729 | Vaults:1 | Entered Level 1 of the Vaults
 37814 | Vaults:1 | Reached skill level 15 in Fighting
 37818 | Vaults:1 | Reached XP level 21. HP: 168/168 MP: 31/31
 39130 | Vaults:2 | Reached skill level 22 in Axes
 39335 | Vaults:2 | Found Myroheu Hesy's Antique Weapon Emporium.
 39580 | Vaults:2 | Noticed Donald
 39597 | Vaults:2 | Killed Donald
 39645 | Vaults:2 | Identified the Tome of Warped Arcane Weapons
 40013 | Vaults:3 | Found Huwkos's Antique Armour Emporium.
 40030 | Vaults:3 | Reached XP level 22. HP: 177/177 MP: 32/32
 40079 | Vaults:3 | Found a staircase to the Crypt.
 40191 | Vaults:3 | Found a ruined gateway.
 40195 | Desolati | Entered the Desolation of Salt
 40378 | Desolati | Identified the +12 war axe "Newt's Undoing" {protect, +Rage
                  | Stlth+}
 40504 | Desolati | Identified the Reference Book on Cold and the Compass
 40510 | Desolati | Learned a level 3 spell: Portal Projectile
 40812 | Desolati | Reached skill level 23 in Axes
 40996 | Desolati | Reached XP level 23. HP: 186/186 MP: 33/33
 41149 | Desolati | Identified the ring of Pagueq {rN+ EV+4} (You found it in
                  | the Desolation of Salt)
 41359 | Desolati | Identified the ring of the Dozen Nightmares {rPois Str+3}
                  | (You found it in the Desolation of Salt)
 41376 | Desolati | Got a brightly glowing plate armour
 41387 | Desolati | Identified the +4 plate armour of the Comet {rF+ rN+} (You
                  | found it in the Desolation of Salt)
 42948 | Vaults:4 | Found a runed translucent gate.
 42949 | Vaults:4 | Noticed Mycling's ghost (veteran DsFi)
 42951 | Vaults:4 | Found a runed translucent gate.
 42951 | Vaults:4 | Found a runed translucent gate.
 43323 | Vaults:4 | Found Ruirphi's Jewellery Emporium.
 43582 | Vaults:4 | Identified the +6 arbalest "Odauz" {elec, rN+ Dex+4} (You
                  | found it on level 4 of the Vaults)
 43751 | Vaults:4 | Found a portal to a secret trove of treasure.
 45234 | Depths:1 | Entered Level 1 of the Depths
 45466 | Elf:1    | Entered Level 1 of the Elven Halls
 45568 | Elf:1    | Reached skill level 1 in Crossbows
 45819 | Elf:1    | Identified the Volume of Conjuration
 46441 | Elf:2    | Found a runed translucent gate.
 46441 | Elf:2    | Found a runed translucent gate.
 46442 | Elf:2    | Found a runed translucent gate.
 46455 | Elf:2    | Reached skill level 5 in Crossbows
 46487 | Elf:2    | Reached XP level 24. HP: 182/195 MP: 31/33
 46927 | Elf:2    | Reached skill level 15 in Shields
 47319 | Elf:3    | Entered Level 3 of the Elven Halls
 47322 | Elf:3    | Identified Zomneux's Tome of Necromancy
 47373 | Elf:3    | Reached skill level 1 in Hexes
 47379 | Elf:3    | Reached skill level 1 in Translocations
 47578 | Elf:3    | Identified the +4 halberd of the Dancing Coward {holy,
                  | Str+3 Stlth+}
 47730 | Elf:3    | Reached skill level 10 in Crossbows
 47888 | Elf:3    | Identified the +7 halberd of the Lurker {vorpal, *Slow
                  | rPois Will++ Str+8}
 48447 | Elf:3    | Identified the amulet "Tappoa" {Inacc rC+ Will+} (You found
                  | it on level 3 of the Elven Halls)
 48463 | Elf:3    | Identified Ucwewa Mecau's Incunabulum of Cold
 49037 | Vaults:4 | Reached skill level 5 in Hexes
 49039 | Vaults:4 | Killed Mycling's ghost
 49251 | Vaults:5 | Entered Level 5 of the Vaults
 49260 | Vaults:5 | Noticed an ancient lich
 49270 | Vaults:4 | Reached XP level 25. HP: 146/201 MP: 16/33
 49393 | Vaults:4 | Reached skill level 5 in Translocations
 49492 | Vaults:4 | Killed an ancient lich
 50477 | Vaults:5 | Identified the ring "Usom" {*Slow rN+++ Will+ MP+9}
 50556 | Vaults:5 | Identified the +9 scythe "Exoar" {vorpal, rPois Will+
                  | Int+2}
 50717 | Vaults:5 | Noticed Bai Suzhen
 50743 | Vaults:5 | Killed Bai Suzhen
 50804 | Vaults:5 | Identified a +2 pair of boots of running (You found it on
                  | level 5 of the Vaults)
 50867 | Vaults:5 | Identified the ring of Foton {rF- EV+4 Str+9 Stlth-}
 50950 | Vaults:5 | Reached XP level 26. HP: 154/208 MP: 25/33
 51302 | Vaults:5 | Got a silver rune of Zot
 51438 | Vaults:5 | Identified the +3 ring mail of the Kraken {Dex+2 SInv}
 51735 | Vaults:5 | Noticed an ancient lich
 51742 | Vaults:5 | Killed an ancient lich
 51748 | Vaults:5 | Reached skill level 24 in Axes
 51844 | Vaults:5 | Identified the +4 short sword "Dekubiva" {venom, MP+9
                  | Stlth+}
 52498 | Vaults:5 | Identified the +8 chain mail of Vlad {rElec Int+4} (You
                  | found it on level 5 of the Vaults)
 52586 | Crypt:1  | Entered Level 1 of the Crypt
 53964 | Crypt:2  | Reached skill level 15 in Crossbows
 54697 | Crypt:2  | Noticed a royal mummy
 54700 | Crypt:2  | Killed a royal mummy
 54700 | Crypt:2  | Noticed a royal mummy
 54701 | Crypt:2  | Noticed a royal mummy
 54709 | Crypt:2  | Killed a royal mummy
 54710 | Crypt:2  | Reached XP level 27. HP: 145/217 MP: 30/33
 54716 | Crypt:2  | Noticed Khufu
 54728 | Crypt:2  | Killed a royal mummy
 54739 | Crypt:2  | Killed Khufu
 55452 | Crypt:3  | Entered Level 3 of the Crypt
 55803 | Crypt:3  | Found a staircase to the Tomb.
 55953 | Crypt:3  | Found an ancient bone altar of Kikubaaqudgha.
 56701 | Crypt:3  | Identified the ring "Laef" {rN+ Will+ Stlth+} (You found it
                  | on level 3 of the Crypt)
 56702 | Crypt:3  | Identified the ring of Lauhuarph {rN+ Will+ Int-2 Stlth+}
                  | (You found it on level 3 of the Crypt)
 57049 | Depths:1 | Reached skill level 15 in Armour
 57295 | Depths:1 | Found a one-way gate leading to the halls of Pandemonium.
 57457 | Depths:1 | Found Rattestro's Retail Resort.
 57466 | Depths:1 | Found Mitror's Magic Scroll Boutique.
 57467 | Depths:1 | Found Leckaosm's Gadget Boutique.
 57467 | Depths:1 | Found Qiodweiff's Assorted Antiques.
 57472 | Depths:1 | Bought a scroll of enchant weapon for 120 gold pieces
 57472 | Depths:1 | Found Juf Luph's Magic Scroll Shop.
 57761 | Depths:1 | Reached skill level 25 in Axes
 57785 | Depths:1 | Noticed Asterion
 57811 | Depths:1 | Killed Asterion
 57971 | Depths:1 | Noticed Nikola
 57978 | Depths:1 | Killed Nikola
 58420 | Depths:1 | Found a broken altar of Ashenzari.
 58520 | Depths:1 | Noticed Sojobo
 58530 | Depths:1 | Killed Sojobo
 59077 | Depths:1 | Found a gateway to Hell.
 59088 | Depths:1 | Identified the +9 demon whip of the Desolation of Salt
                  | {flame, *Slow +Blink rPois Will+} (You found it on level 1
                  | of the Depths)
 59610 | Vaults:4 | You paid a toll of a +9 demon whip to enter a treasure
                  | trove
 59611 | Trove    | Entered a treasure trove
 60922 | Depths:2 | Found a gateway to a ziggurat.
 60973 | Depths:2 | Found a one-way gate to the infinite horrors of the Abyss.
 61172 | Depths:2 | Found a runed translucent door.
 61175 | Depths:2 | Found a runed translucent door.
 61175 | Depths:2 | Found a runed translucent door.
 61615 | Depths:3 | Reached skill level 10 in Evocations
 63030 | Depths:4 | Reached skill level 26 in Axes
 63080 | Depths:4 | Found a magical portal.
 63085 | WizLab   | Entered The Roulette of Golubria
 63085 | WizLab   | Found a transporter.
 63250 | Depths:4 | Acquired 855 gold pieces
 63337 | Depths:4 | Found Ilog's Book Shop.
 63512 | Depths:4 | Found a glowing golden altar of the Shining One.
 64109 | Depths:5 | Entered Level 5 of the Depths
 64124 | Depths:5 | Found a corrupted altar of Lugonu.
 64699 | Depths:5 | Reached skill level 15 in Evocations
 65643 | Depths:5 | Found a gate to the Realm of Zot.
 65840 | Depths:5 | Noticed Saint Roka
 65859 | Depths:5 | Killed Saint Roka
 66020 | Depths:5 | Found Zirreb's Magic Scroll Shoppe.
 66318 | Depths:5 | Upgraded the game from 0.27-a0-54-g64bdb92e38 to
                  | 0.27-a0-65-gfb268537a3
 66320 | Depths:5 | Voluntarily entered the Abyss.
 66498 | Abyss:1  | Found a corrupted altar of Lugonu.
 66744 | Abyss:3  | Identified the ring of Xom's Amusement {rN+ Dex+4} (You
                  | found it on level 3 of the Abyss)
 66790 | Abyss:3  | Got an abyssal rune of Zot
 67097 | Depths:5 | Escaped the Abyss
 67501 | Vaults:4 | Bought an uncursed ring of resist corrosion for 260 gold
                  | pieces
 67864 | Slime:1  | Entered Level 1 of the Pits of Slime
 67880 | Slime:1  | Gained mutation: Your muscles are strong. (Str +2) [a
                  | shining eye]
 67882 | Slime:1  | Lost mutation: Your muscles are strong. (Str +2) [a shining
                  | eye]
 67890 | Slime:1  | Gained mutation: You are robust. (+10% HP) [a shining eye]
 68283 | Slime:4  | Reached skill level 15 in Dodging
 68531 | Slime:5  | Entered Level 5 of the Pits of Slime
 68636 | Slime:5  | Noticed the Royal Jelly
 68651 | Slime:5  | Killed the Royal Jelly
 68950 | Slime:5  | Gained mutation: Potions are less effective at restoring
                  | your health. [a shining eye]
 68960 | Slime:5  | Gained mutation: Potions are poor at restoring your health.
                  | [a shining eye]
 68991 | Slime:5  | Found the +3 robe of Clouds {+Thunder rCloud rElec}
 69029 | Slime:5  | Got a slimy rune of Zot
 69410 | Hell     | Entered the Vestibule of Hell
 69410 | Hell     | Noticed Geryon
 69427 | Hell     | Killed Geryon
 69727 | Hell     | Found a gateway to the ashen valley of Gehenna.
 69795 | Hell     | Found a gateway to the decaying netherworld of Tartarus.
 69984 | Hell     | Found a gateway to the Iron City of Dis.
 70053 | Hell     | Found a gateway to the freezing wastes of Cocytus.
 70364 | Zot:1    | Entered Level 1 of the Realm of Zot
 70402 | Zot:1    | Noticed an orb of fire
 70414 | Zot:1    | Gained mutation: Scrolls take you a little longer to read.
                  | [an orb of fire]
 70417 | Zot:1    | Gained mutation: You are dopey. (Int -2) [an orb of fire]
 70420 | Zot:1    | Killed an orb of fire
 72844 | Zot:2    | Noticed an orb of fire
 72848 | Zot:2    | Lost mutation: You are robust. (+10% HP) [an orb of fire]
 72850 | Zot:2    | Gained mutation: You have a somewhat thin skeletal
                  | structure. (Dex +2, Stealth) [an orb of fire]
 72857 | Zot:2    | Killed an orb of fire
 74942 | Zot:4    | HP: 10/230 [black draconian stormcaller/divine providence
                  | (10)]
 74952 | Zot:4    | HP: 11/223 [shadow dragon/bolt of negative energy (11)]
 74959 | Zot:4    | Killed from afar by a shadow dragon

Illustrated notes

Levels and vault maps discovered:
D:1:      dpeg_arrival_pond, layout_loops_corners, hangedman_glass_teeth,
          nrook_loot_triangle
D:2:      layout_basic, grunt_qazlal_clouds, uniq_sigmund
D:3:      layout_loops_ring, grunt_temple_overflow_magic_moments,
          kennysheep_slug_shrine, grunt_dithmenos_smoke, uniq_terence,
          uniq_grinder, uniq_ijyb
D:4:      layout_basic, grunt_temple_overflow_holy_war,
          kennysheep_okawaru_gauntlet, minmay_temple_entry_ruins,
          minmay_misc_feat_nine_boxes, vehumet_altar_wand_db, uniq_menkaure,
          uniq_crazy_yiuf_cottage
D:5:      layout_rooms, kennysheep_little_box, nicolae_overflow_crystal_walls,
          gammafunk_temple_overflow_elements, interstate_on_off,
          guppyfry_early_orc_mine
D:6:      layout_loops_ring, general_overflow_altar, serial_shops, shop,
          wad_floor_pattern_2, hangedman_decor_growths
D:7:      layout_basic
D:8:      erik_cavepeople, layout_basic, xom_shifter_show, serial_shops, shop,
          shop, nicolae_shop_window_shopping, shop
D:9:      layout_roguey, erik_orc_4, led_sif_book
D:10:     layout_loops_corners, kennysheep_crisscross,
          minmay_misc_feat_more_columns
D:11:     layout_roguey, dpeg_oklobed_lair, nicolae_ru_sacrificial_ziggurat
D:12:     wander_kiku_kobolds, layout_rooms, serial_shops, nicolae_shop_stone,
          shop, shop_coins, shop, shop_statue, tgw_fedhas
D:13:     layout_rooms, minivault_8
D:14:     layout_loops_corners, ximxim_vaults_locker_room,
          minmay_misc_feat_columns, grunt_gozag_statues, uniq_roxanne
D:15:     hangedman_depths_entry_try_elsewhere_first, layout_cave_pools
Lair:1:   layout_chaotic_city, beast_lair_carwin_4
Lair:2:   mu_elephants_graveyard, layout_cave_pods,
          nicolae_spider_entry_non_spiders
Lair:3:   layout_gridlike, elwin_shoals_entry_rooms
Lair:4:   layout_cave_pods, portal_ice_cave_entry_animals_and_master,
          grunt_megastairs_3, serial_bayou_shore_a, infiniplex_staircase_pool,
          uniq_snorg
Lair:5:   layout_long_grid, grunt_forest_large_clearings, lemuel_fruit_tree
Lair:6:   evilmike_catoblepas_cave, layout_cave_pods,
          minmay_slime_entry_jelly_boxes
Shoals:1: layout_shoals, uniq_jorgrun
Shoals:2: layout_shoals, serial_shops,
          nicolae_shop_temple_entry_statues_fountains, ebering_ghost_xom,
          uniq_ilsuiw
Shoals:3: cheibrodos_shoals_satyrical_garden, layout_shoals, ebering_ghost_xom,
          uniq_louise
Shoals:4: shoals_end_grunt_ice, layout_shoals, nicolae_shoals_this_corrosion
Spider:1: layout_chambers, hangedman_spider_tarantella_strand
Spider:2: layout_spider_delve, gammafunk_ghost_tricky_traps, uniq_frances
Spider:3: layout_spider_delve, uniq_aizul
Spider:4: johnstein_spider_rune_arachne_lair, drop_trap, uniq_arachne
Slime:1:  layout_caves
Slime:2:  layout_caves
Slime:3:  layout_caves
Slime:4:  layout_caves
Slime:5
Orc:1:    layout_caves
Orc:2:    st_orc_pillars, layout_diamond_mine, serial_shops, shop, uniq_rupert
Elf:1:    eino_elf_arrival_the_gate, layout_geoelf_octagon,
          minmay_elf_annihilation, hangedman_elf_targetted_burst,
          grunt_megastairs_5
Elf:2:    layout_loops_cross
Elf:3:    minmay_elf_hall_not_hex, layout_onion_city
Vaults:1: vaults_dpeg_encased_lava, v_misc_16,
          nicolae_vaults_diagonal_hallway_8, hangedman_vaults_maws,
          grunt_vaults_hallway_short, vaults_room_octagon, v_misc_24, v_misc_32,
          v_misc_12, hangedman_vaults_impose, grunt_vaults_hallway_short,
          vaults_dpeg_ring, nicolae_vaults_little_squares_4, v_misc_27,
          layout_vaults_ring
Vaults:2: ontoclasm_vaults_fault, nicolae_vaults_know_your_exits,
          vaults_dpeg_hooks, nicolae_vaults_little_squares_6,
          nicolae_vaults_shelves_hall, serial_ice_g, grunt_vaults_diagonal,
          nicolae_vaults_rhombus_6, vaults_room_fancy_cross,
          vaults_room_mumra_shop_pool, layout_vaults_maze_snakey, uniq_donald
Vaults:3: vaults_room_pools, v_pattern_5, v_misc_19, v_rooms_4,
          vaults_standard_mumra_enter_the_diamond, vaults_mumra_lcd, st_cells,
          v_misc_30, nicolae_vaults_border_crossing,
          nicolae_vaults_little_squares_6, layout_vaults_big_room, serial_shops,
          shop_fountains, portal_desolation_entry_salt
Vaults:4: gammafunk_vaults_ghost_necromancy, v_misc_26,
          nicolae_vaults_yaktaur_gun_rack,
          vaults_standard_mumra_enter_the_diamond, v_rooms_4,
          nicolae_vaults_little_squares_4, st_smaller_cells, vaults_room_fours,
          layout_vaults_omnigrid, enter_trove_3, serial_shops,
          nicolae_shop_statue_plus
Vaults:5: serial_shops, uniq_bai_suzhen
Crypt:1:  layout_chaotic_city, roderic_lattice_octagonal_star
Crypt:2:  layout_catacombs, serial_co_window_serial, co_window_corner_a,
          co_window_paths_a, co_window_of_opportunity_a, co_window_cross_1,
          co_window_corner_a, co_window_unsneaky_path_a,
          co_window_of_opportunity_c, co_window_corner_b, co_window_corner_cb,
          co_window_of_opportunity_c, co_window_4corner_b, glass_columns_a,
          glass_columns_c, glass_columns_a, glass_columns_c, uniq_khufu
Crypt:3:  church_of_pain_bobbens, layout_chaotic_city,
          nicolae_tomb_entry_unfolded_pyramid_diagonal
Depths:1: layout_cave_shapes, hellmouth_1, rand_demon_pan_entry_8,
          nicolae_ashenzari_panopticon, nicolae_alphabet_shops, st_stairs_4,
          kennysheep_generic_room_3, grunt_megastairs_2, minmay_shoptagon,
          serial_bayou_shore_b, serial_bayou_shore_b, uniq_asterion,
          uniq_nikola, uniq_sojobo
Depths:2: minmay_the_grid_four_pointed_star
          [minmay_the_grid_triangle_9x9_zippers_horizontal,
          minmay_the_grid_triangle_9x9_empty,
          minmay_the_grid_triangle_9x9_fully_insulated_deathbox,
          minmay_the_grid_triangle_9x9_empty,
          minmay_the_grid_prize_inner_circle], layout_cave_pools,
          enter_ziggurat_e, hangedman_abyss_or_decor_slice, lightli_too_deep,
          abyss_entry, kennysheep_doodads, nrook_campfire,
          kennysheep_opposing_triangles
Depths:3: nzn_winding_woodlands_three_and_one [nzn_winding_woodlands_5x15_twine,
          nzn_winding_woodlands_5x15_default,
          nzn_winding_woodlands_5x15_river_crossing,
          nzn_winding_woodlands_center_pierced_h], layout_cave_pools,
          hell_entry, pan_entry
Depths:4: grunt_bruiser_brothers, layout_cave_pools, abyss_entry_crystal,
          pf_hell_entry_tar_spiral, hangedman_decor_lopped,
          infiniplex_enter_wizlab_spiral, serial_shops, shop, tso_metal_star
Depths:5: lemuel_castle_with_subvaults [lemuel_castle_interior_original],
          layout_long_grid, serial_shops, shop, abyss_entry_flame_altar,
          grunt_pan_entry_zigzag, hell_entry, uniq_saint_roka
Hell
Zot:1:    layout_basic
Zot:2:    layout_misc_corridors
Zot:3:    layout_onion_interference
Zot:4:    layout_misc_corridors, zot_minivault_1

Skill      XL: |  1  2  3  4  5  6  7  8  9 10 11 12 13 14 15 16 17 18 19 20 21 22 23 24 25 26 27 |
---------------+----------------------------------------------------------------------------------+-----
Axes           | 4 5 6 7 9 11 12 14 16 17 18 19 20 21 22 23 24 26 | 26.0
Dodging        | 2 3 4 6 7 8 10 11 12 13 14 16 | 16.9
Shields        | 4 5 6 7 8 9 10 12 13 14 15 | 15.0
Fighting       | 4 5 7 8 9 11 12 13 14 15 16 17 21 | 21.7
Armour         | 4 6 7 9 11 12 13 14 20 | 20.5
Invocations    | 5 10 13 | 13.9
Evocations     | 5 8 17 | 17.4
Crossbows      | 5 11 13 15 18 | 18.0
Hexes          | 6 9 |  9.3
Translocations | 4 7 |  7.1

Action                   |  1- 3 |  4- 6 |  7- 9 | 10-12 | 13-15 | 16-18 | 19-21 | 22-24 | 25-27 || total
-------------------------+-------+-------+-------+-------+-------+-------+-------+-------+-------++-------
Melee: War axe           |    30 |   102 |   423 |   677 |   865 |       |       |       |       ||  2097
       Whip              |       |       |       |       |    61 |       |       |       |       ||    61
       Quarterstaff      |       |       |       |       |    13 |       |       |       |       ||    13
       Battleaxe         |       |       |       |       |   180 |   510 |       |       |       ||   690
       Executioner's axe |       |       |       |       |       |   466 |  1123 |   848 |  2259 ||  4696
 Fire: Hunting sling     |       |       |       |       |       |    37 |    25 |       |       ||    62
       Arbalest          |       |       |       |       |       |       |       |     4 |   238 ||   242
 Cast: Portal Projectile |       |       |       |       |       |       |       |     1 |     5 ||     6
Invok: Slouch            |       |       |       |       |     9 |     2 |     6 |     8 |     8 ||    33
       Step From Time    |       |       |       |       |       |       |       |     1 |     3 ||     4
 Abil: Dig               |       |       |     3 |     4 |     3 |     7 |     3 |     4 |     1 ||    25
       Shaft Self        |       |       |       |       |       |     1 |       |       |       ||     1
Evoke: Wand              |       |       |     3 |     5 |     2 |     3 |     1 |       |       ||    14
       Lightning rod     |       |       |       |       |       |       |       |     3 |       ||     3
       Phial of floods   |       |       |       |       |       |       |       |     1 |       ||     1
       Phantom mirror    |       |       |       |       |       |       |       |       |     2 ||     2
       Tin of tremorston |       |       |       |       |       |       |       |       |     2 ||     2
       Condenser vane    |       |       |       |       |       |       |       |       |     1 ||     1
  Use: Potion            |     1 |       |     2 |     1 |     2 |     4 |       |       |    17 ||    27
       Scroll            |       |       |     6 |     3 |    23 |     5 |    15 |    18 |    21 ||    91
 Stab: Distracted        |       |       |       |       |     1 |     1 |       |       |     3 ||     5
       Confused          |       |       |       |       |       |       |       |       |     1 ||     1
Armor: Scale mail        |     7 |       |       |       |       |       |       |       |       ||     7
       Plate armour      |     7 |    54 |   168 |    21 |    43 |   378 |   278 |   150 |    78 ||  1177
       Chain mail        |       |       |       |    77 |    71 |       |       |       |       ||   148
       Ice dragon scales |       |       |       |       |    79 |       |       |       |       ||    79
       Gold dragon scale |       |       |       |       |       |       |       |       |   788 ||   788
Dodge: Dodged            |     8 |    39 |   193 |   279 |   533 |   897 |   870 |   637 |  1365 ||  4821
       Repelled          |       |       |       |     6 |     1 |       |       |       |       ||     7
Block: Kite shield       |    14 |    59 |   325 |   386 |   717 |   981 |  1107 |   701 |  1802 ||  6092
       Reflection        |       |       |       |       |       |       |   130 |    96 |    85 ||   311
       Tower shield      |       |       |       |       |       |       |   292 |       |       ||   292

Table legend: (Time is in decaauts)
 A = Elapsed time spent in this place.
 B = Non-inter-level travel time spent in this place.
 C = Inter-level travel time spent in this place.
 D = Time resting spent in this place.
 E = Time spent auto-exploring this place.
 F = Levels seen in this place.
 G = Mean time per level.
                   A        B        C        D        E       F      G
               +--------+--------+--------+--------+--------+-----+--------+
         Total | 111927 |  98963 |  12964 |  17453 |  63325 |  64 | 1748.9 |
       Dungeon |  24142 |  19738 |   4404 |   2829 |  13598 |  15 | 1609.5 |
          Lair |  14692 |  12568 |   2124 |   2181 |   8848 |   6 | 2448.7 |
        Shoals |   7719 |   7067 |    652 |   1138 |   4059 |   4 | 1929.8 |
   Spider Nest |   7419 |   6980 |    439 |    869 |   4709 |   4 | 1854.8 |
    Slime Pits |   1492 |   1387 |    105 |    815 |    264 |   5 |  298.4 |
  Orcish Mines |   3347 |   2977 |    370 |    401 |   1941 |   2 | 1673.5 |
   Elven Halls |   5325 |   4907 |    418 |    197 |   3706 |   3 | 1775.0 |
        Vaults |  16666 |  13774 |   2892 |   2106 |   9068 |   5 | 3333.2 |
         Crypt |   6447 |   6246 |    201 |   1180 |   4231 |   3 | 2149.0 |
        Depths |  13437 |  12284 |   1153 |   2868 |   7582 |   5 | 2687.4 |
          Hell |   1083 |   1045 |     38 |    111 |    660 |   1 | 1083.0 |
           Zot |   5731 |   5567 |    164 |   1980 |   2890 |   4 | 1432.8 |
         Abyss |   1126 |   1126 |      0 |     52 |    743 |   3 |  375.3 |
         Trove |     89 |     89 |      0 |      0 |     62 |   1 |   89.0 |
      Ice Cave |   1029 |   1029 |      0 |    268 |    432 |   1 | 1029.0 |
        Wizlab |    119 |    119 |      0 |    114 |      0 |   1 |  119.0 |
    Desolation |   2055 |   2055 |      0 |    343 |    531 |   1 | 2055.0 |
               +--------+--------+--------+--------+--------+-----+--------+

Top non-repeatable levels by time:
Vaults:4: 5168 daAuts
Depths:1: 4381 daAuts
  Lair:2: 3495 daAuts
Depths:5: 3422 daAuts
Vaults:3: 3238 daAuts
Vaults:5: 3106 daAuts
    D:14: 3017 daAuts
 Crypt:2: 2985 daAuts
  Lair:6: 2857 daAuts
Spider:1: 2758 daAuts
Vaults:2: 2708 daAuts
   Zot:1: 2588 daAuts
  Lair:4: 2484 daAuts
Vaults:1: 2444 daAuts
Shoals:4: 2433 daAuts
